 Dungeon Crawl Stone Soup version 0.27-a0-1359-ga2a4dfd6fd (webtiles) character file.

Game seed: 14247934970576702437

39 Tocho the Poker (level 3, -1/28 HPs)
             Began as a Merfolk Gladiator on June 28, 2021.
             Slain by Sigmund (12 damage)
             ... on level 2 of the Dungeon.
             The game lasted 00:02:25 (1329 turns).

Tocho the Poker (Merfolk Gladiator)                 Turns: 1329, Time: 00:02:25

Health: -1/28      AC:  6    Str: 15    XL:     3   Next: 47%
Magic:  3/3        EV: 14    Int:  7    God:
Gold:   74         SH:  0    Dex: 15    Spells: 2/2 levels left

rFire    . . .     SeeInvis .   a - +0 trident
rCold    . . .     Faith    .   (no shield)
rNeg     . . .     Spirit   .   j - +0 robe
rPois    .         Reflect  .   c - +0 helmet
rElec    .         Harm     .   (no cloak)
rCorr    .         Rampage  .   (no gloves)
Will     .....                  i - +2 pair of boots
Stlth    +.........             (no amulet)
HPRegen  0.09/turn              (no ring)
MPRegen  0.08/turn              (no ring)

@: no status effects
A: (nimble swimmer 2), mertail
a: no special abilities


You were on level 2 of the Dungeon.
You visited 1 branch of the dungeon, and saw 2 of its levels.

You collected 74 gold pieces.

Inventory:

Hand Weapons
 a - a +0 trident (weapon)
Missiles
 d - 3 throwing nets
 k - 86 stones (quivered)
Armour
 b - a +0 leather armour
 c - a +0 helmet (worn)
 i - a +2 pair of boots (worn)
 j - a +0 robe (worn)
Jewellery
 q - an amulet of guardian spirit
Scrolls
 e - 2 scrolls of amnesia {unknown}
 f - 4 scrolls of identify {unknown}
 l - a scroll of magic mapping {unknown}
 n - a scroll of noise {unknown}
 o - a scroll of blinking {unknown}
 r - a scroll of summoning {unknown}
Potions
 h - a potion of invisibility {unknown}
 m - a potion of ambrosia {unknown}
 p - a potion of haste {unknown}


   Skills:
 + Level 2.4 Fighting
 + Level 5.2 Polearms
 + Level 2.2 Throwing
 + Level 4.8 Dodging
 + Level 0.1 Stealth


You had 2 spell levels left.
You didn't know any spells.
Your spell library contained the following spells:

 Spells                   Type           Power      Damage    Failure   Level
 Confusing Touch          Hex            0%         N/A       80%         3
 Gell's Gravitas          Tloc           0%         N/A       80%         3
 Petrify                  Tmut/Erth      0%         N/A       99%         4
 Metabolic Englaciation   Hex/Ice        0%         N/A       100%        5
 Yara's Violent Unravell  Hex/Tmut       0%         3d3       100%        5


Dungeon Overview and Level Annotations

Branches:
Dungeon (2/15)

Altars:

Annotations:
D:2 Sigmund


Innate Abilities, Weirdness & Mutations

((You are quick and stealthy near water. (Stealth+, EV+, Speed+++)))
Your lower body shifts to a powerful aquatic tail in water.


Message History

You are too injured to fight recklessly!
You are too injured to fight recklessly!
You are too injured to fight recklessly!
You are too injured to fight recklessly!
You are too injured to fight recklessly!
You are too injured to fight recklessly!
You are too injured to fight recklessly!
You are too injured to fight recklessly!
You are too injured to fight recklessly!
You are too injured to fight recklessly!
You are too injured to fight recklessly!
You are too injured to fight recklessly!
You are too injured to fight recklessly!
You are too injured to fight recklessly!
You are too injured to fight recklessly!
You are too injured to fight recklessly!
You are too injured to fight recklessly!
You are too injured to fight recklessly!
You are too injured to fight recklessly!
You are too injured to fight recklessly!
You are too injured to fight recklessly!
You are too injured to fight recklessly!
Reach: a) +0 trident
Press: ? - help, Dir - move target, f/p - Sigmund
Aim: Sigmund, wielding a +2 scythe of protection and wearing a +0 robe (about 43% to evade your +0 trident)
You reach to attack!
You closely miss Sigmund. Sigmund barely misses you.
Reach: a) +0 trident
Press: ? - help, Dir - move target, f/p - Sigmund
Aim: Sigmund, wielding a +2 scythe of protection and wearing a +0 robe (about 43% to evade your +0 trident)
You reach to attack!
You hit Sigmund but do no damage. Sigmund barely misses you.
Reach: a) +0 trident
Press: ? - help, Dir - move target, f/p - Sigmund
Aim: Sigmund, wielding a +2 scythe of protection and wearing a +0 robe (about 43% to evade your +0 trident)
You reach to attack!
You hit Sigmund but do no damage.
Sigmund hits you from afar with a +2 scythe of protection.
* * * LOW HITPOINT WARNING * * *
It was a potion of curing.
You feel better.
Sigmund hits you from afar with a +2 scythe of protection!
You die...

.........#####
.(.......# ###......#
#......# ###......#####
.............#
.....#.......#
.....#.......###########
.....#.......'..@.@.....
.....#.......###########
....##................#
....##.<.##....######.#
....##...#####.# #.#
#..............# #.#
........#####..# #.#
........# #..# #.#
........#####..# #.#


You could see Sigmund.

Vanquished Creatures
  An adder (D:2)
  A worm (D:2)
  A dart slug (D:2)
  3 endoplasms (D:1)
  2 giant cockroaches
  4 goblins
  A hobgoblin (D:2)
  A quokka (D:1)
  3 ball pythons (D:2)
  4 bats (D:1)
  3 frilled lizards (D:2)
  A kobold (D:1)
  A rat (D:2)
26 creatures vanquished.

Notes
Turn   | Place    | Note
-------+----------+-------------------------------------------
     0 | D:1      | Tocho the Merfolk Gladiator began the quest for the Orb.
     0 | D:1      | Reached XP level 1. HP: 16/16 MP: 1/1
   229 | D:1      | Reached XP level 2. HP: 22/22 MP: 2/2
   583 | D:1      | Found a faded altar of an unknown god.
   744 | D:2      | Reached skill level 5 in Polearms
   746 | D:2      | Reached XP level 3. HP: 20/28 MP: 3/3
  1315 | D:2      | Noticed Sigmund
  1329 | D:2      | Slain by Sigmund

Illustrated notes

Levels and vault maps discovered:
D:1:      minmay_arrival_radiant_lines, layout_basic,
          hellmonk_ecumenical_altar_lost_god
D:2:      layout_basic, grunt_ministairs_6, st_stairs_2, uniq_sigmund

Skill      XL: |  1  2 |
---------------+-------+-----
Polearms       | 5 |  5.2
Fighting       | |  2.4
Throwing       | |  2.2
Dodging        | |  4.8
Stealth        | |  0.1

Action                   || total
-------------------------++-------
Melee: Trident           ||    85
Throw: Stone             ||    14
  Use: Potion            ||     1
 Stab: Sleeping          ||     1
Armor: Leather armour    ||    15
       Robe              ||     8
Dodge: Dodged            ||    69

Table legend: (Time is in decaauts)
 A = Elapsed time spent in this place.
 B = Non-inter-level travel time spent in this place.
 C = Inter-level travel time spent in this place.
 D = Time resting spent in this place.
 E = Time spent auto-exploring this place.
 F = Levels seen in this place.
 G = Mean time per level.
                   A        B        C        D        E       F      G
               +--------+--------+--------+--------+--------+-----+--------+
         Total |   1333 |   1322 |     11 |      0 |   1074 |   2 |  666.5 |
       Dungeon |   1333 |   1322 |     11 |      0 |   1074 |   2 |  666.5 |
               +--------+--------+--------+--------+--------+-----+--------+

Top non-repeatable levels by time:
     D:1: 731 daAuts
     D:2: 601 daAuts
